Cogmind - Beta 13 @@@ ROGUE MODE // 2024.04.17 @ 15:11:30 Player: yantz Result: Destroyed by G-47 Trooper with Particle Gun Performance ------------- Evolutions (2) 1000 Regions Visited (4) 800 Robots Destroyed (16) 80 Value Destroyed (483) 483 Prototype IDs (2) 40 Alien Tech Used (0) 0 Bonus (159) 159 TOTAL SCORE: 2562 Bonus ------- Follower Combat Kills 159 Cogmind --------- Core Integrity 0/550 Matter 242/300 Energy 98/100 System Corruption 2% Temperature Cool (9) Movement Core (50) Location -8/Materials Parts ------- > --- POWER (1) -------- (None) > --- PROPULSION (3) --- (None) > --- UTILITY (4) ------ Heat Sink Visual Processing Unit > --- WEAPON (3) ------- (None) > --- INVENTORY (5) ---- (None) Peak State ------------ > --- POWER ------------ Light Nuclear Core > --- PROPULSION ------- Cesium-ion Thruster Cesium-ion Thruster Cesium-ion Thruster > --- UTILITY ---------- Small Storage Unit Sensor Array Splice Drone Bay > --- WEAPON ----------- EM Shotgun Medium Laser > --- INVENTORY -------- Improved Aluminum Leg Heat Sink Signal Interpreter Medium Laser Light Assault Rifle Shock Trap Shock Trap Shock Trap [Rating: 24] Favorites ----------- Power Light Nuclear Core Engine Ion Engine Power Core Light Nuclear Core Propulsion Aluminum Leg Leg Aluminum Leg Flight Unit Cesium-ion Thruster Utility Small Storage Unit Device Splice Drone Bay Storage Small Storage Unit Processor Visual Processing Unit Weapon Medium Laser Energy Gun Medium Laser Ballistic Gun Light Assault Rifle Impact Weapon Flail Slashing Weapon Katana Build | -11 -10 -10 -9 -8 ------- Run | Yrd Mat Min Mat Mat Slots Evolved 4 | . . . 2 2 Power . | . . . . . Propulsion 1 | . . . 1 . Utility 2 | . . . 1 1 Weapon 1 | . . . . 1 Parts Attached 37 | 6 2 2 15 12 Power 5 | 1 . 1 1 2 Engine 2 | 1 . . 1 . Core 3 | . . 1 . 2 Reactor . | . . . . . Propulsion 13 | 2 . . 9 2 Treads . | . . . . . Leg 10 | 2 . . 6 2 Wheel . | . . . . . Hover . | . . . . . Flight 3 | . . . 3 . Utility 7 | 1 1 1 3 1 Device 5 | . 1 1 2 1 Storage 1 | 1 . . . . Processor 1 | . . . 1 . Hackware . | . . . . . Protection . | . . . . . Artifact . | . . . . . Weapon 12 | 2 1 . 2 7 Energy Gun 7 | 1 1 . 1 4 Energy Cannon . | . . . . . Ballistic Gun 3 | 1 . . . 2 Ballistic Cannon . | . . . . . Launcher . | . . . . . Special Weapon . | . . . . . Impact Weapon 1 | . . . 1 . Slashing Weapon 1 | . . . . 1 Piercing Weapon . | . . . . . Special Melee Weapon . | . . . . . Unidentified Prototypes 2 | . . 1 . 1 Parts Lost 20 | . . . 5 15 Power 4 | . . . 1 3 Propulsion 6 | . . . 1 5 Utility 4 | . . . 2 2 Weapon 6 | . . . 1 5 Highest Loss Streak 10 | . . . 2 10 To Critical Strikes . | . . . . . Average Slot Usage (%) 91 | . 92 100 89 54 Engine 4 | . 14 5 1 3 Core 7 | . . 8 8 4 Leg 26 | . 28 28 26 16 Device 14 | . 6 14 17 5 Storage 12 | . 14 14 11 3 Processor 1 | . . . 1 9 Energy Gun 23 | . 25 28 19 6 Naked Turns . | . . . . . Heaviest Build 25 | 13 16 22 25 20 Greatest Support 33 | 20 20 20 33 33 Greatest Overweight (x) 7 | . . 1 7 2 Average Overweight (x) . | . . . . . Largest Inventory Capacity 8 | 8 8 8 8 8 Average Capacity 7 | 6 8 8 8 6 Most Carried 8 | 5 3 8 8 8 Average Carried 6 | 1 1 6 7 3 Final Capacity 8 | 8 8 8 8 5 Final Carried 7 | . 3 7 7 . Class Distribution -------------------- 81% | Mutant 18% | Scavenger-Mutant Dominant Class ---------------- Mutant | -10/Materials Mutant | -10/Mines Mutant | -9/Materials Mutant | -8/Materials Resources | -11 -10 -10 -9 -8 ----------- Run | Yrd Mat Min Mat Mat Matter Collected 471 | 260 20 20 131 40 Remotely . | . . . . . Salvage Created 529 | . 31 30 372 96 Parts 32 | . 1 3 16 12 Haulers Intercepted . | . . . . . Recyclers Shooed . | . . . . . Parts Field Recycled . | . . . . . Retrieved Matter . | . . . . . Parts Self-Destructed . | . . . . . Prevented . | . . . . . Kills | -11 -10 -10 -9 -8 ------- Run | Yrd Mat Min Mat Mat Combat Hostiles Destroyed 15 | . 1 2 8 4 Melee 1 | . . . . 1 Guns 13 | . 1 2 7 3 Classes Destroyed 6 | . 1 1 3 1 Watcher 1 | . . . 1 . Swarmer 5 | . . 2 . 3 Grunt 5 | . 1 . 4 . Duelist 1 | . . . 1 . Sentry 3 | . . . 3 . Hunter 1 | . . . . 1 Best Kill Streak 3 | . 1 2 3 3 Combat Bots Only 3 | . 1 2 3 3 Max Kills in Single Turn 1 | . 1 1 1 1 Gunslinging . | . . . . . Exploded . | . . . . . Melee 1 | . . . . 1 Uniques/NPCs Destroyed . | . . . . . Combat | -11 -10 -10 -9 -8 -------- Run | Yrd Mat Min Mat Mat Hostile Shots Fired 231 | . 22 18 71 120 Missed 66 | . 7 4 20 35 Damage Taken 2378 | . 165 141 685 1387 Core 660 | . 23 14 64 559 Absorbed by Shields . | . . . . . Core Remaining (%) 89 | 100 . 85 84 . Volleys Fired 75 | . 11 9 31 24 Largest 2 | . 2 2 2 2 Hottest 115 | . 100 100 95 115 Shots Fired 115 | . 22 18 46 29 Gun 115 | . 22 18 46 29 Cannon . | . . . . . Launcher . | . . . . . Special . | . . . . . Kinetic 7 | . . . . 7 Thermal 93 | . 22 18 31 22 Explosive . | . . . . . Electromagnetic 15 | . . . 15 . Robot Hit Streak 11 | . 3 2 11 4 Robot Miss Streak 7 | . 3 2 4 7 Penetration Max . | . . . . . Secondary Targets 2 | . . 1 1 . Max Gunslinging Chain 1 | . . 1 1 . Shots Hit Robots 70 | . 11 7 34 18 Core Hits 31 | . 3 3 18 7 Critical Kills . | . . . . . Critical Parts Destroyed . | . . . . . Critical Strikes 3 | . . 2 1 . Burn 3 | . . 2 1 . Melee Attacks 2 | . . . . 2 Impact . | . . . . . Slashing 2 | . . . . 2 Piercing . | . . . . . Sneak Attacks . | . . . . . Combat Hostiles . | . . . . . Follow-up Attacks . | . . . . . Damage Inflicted 1011 | . 135 94 491 291 Guns 959 | . 135 85 486 253 Cannons . | . . . . . Explosions . | . . . . . Melee 35 | . . . . 35 Ramming 17 | . . 9 5 3 Kinetic 60 | . . . . 60 Thermal 700 | . 135 85 287 193 Explosive . | . . . . . Electromagnetic 199 | . . . 199 . Impact . | . . . . . Slashing 35 | . . . . 35 Piercing . | . . . . . Highest Corruption 2 | . . . . 2 Average Corruption 2 | . . . . 2 Corruption Purged . | . . . . . Corruption Blocked . | . . . . . Effects 2 | . . . . 2 Message Errors 1 | . . . . 1 Matter Fused 1 | . . . . 1 Overload Shots . | . . . . . Overflow Damage . | . . . . . Projectiles . | . . . . . Explosions . | . . . . . Melee . | . . . . . Knockbacks . | . . . . . Impact . | . . . . . Kinetic . | . . . . . Secondary . | . . . . . Self-Inflicted Damage . | . . . . . Shots . | . . . . . Rammed . | . . . . . Targets Rammed 5 | . . 2 2 1 Kicked 5 | . . 2 2 1 Crushed . | . . . . . Highest Temperature 289 | . 289 156 242 117 Average Temperature 69 | . 129 49 56 48 Received Heat Transfer 816 | . 90 54 321 351 Siege Activations . | . . . . . Robots Corrupted . | . . . . . Combat Hostiles . | . . . . . Parts Fried . | . . . . . Impact Corruptions . | . . . . . Robots Melted 1 | . . . 1 . Combat Hostiles 1 | . . . 1 . Parts Melted 2 | . . 1 1 . Heat Transferred 2257 | . 407 407 925 518 Parts Sabotaged . | . . . . . Parts Stolen . | . . . . . Parts Stripped . | . . . . . Power Chain Reactions . | . . . . . Alert | -11 -10 -10 -9 -8 ------- Run | Yrd Mat Min Mat Mat Peak Influence 153 | . 20 113 126 153 Initial 52 | . . 7 . 52 Average 42 | . 2 22 65 101 Maximum Alert Level . | . . . . . Low Security (%) 100 | 100 100 100 100 100 Level 1 . | . . . . . Level 2 . | . . . . . Level 3 . | . . . . . Level 4 . | . . . . . Level 5 . | . . . . . High Security . | . . . . . Max Security . | . . . . . Squads Dispatched 6 | . . . 3 3 Investigation 1 | . . . 1 . Extermination . | . . . . . Reinforcement 3 | . . . 2 1 Assault . | . . . . . Garrison 2 | . . . . 2 Intercept . | . . . . . Searches Triggered . | . . . . . Construction Impeded 1 | . . . 1 . Haulers Reinforced . | . . . . . Active Scanning Responses . | . . . . . Cargo Convoy Interrupts . | . . . . . Stealth | -11 -10 -10 -9 -8 --------- Run | Yrd Mat Min Mat Mat Distress Signals 5 | . . . 2 3 Communications Jammed . | . . . . . Distress Signals . | . . . . . Times Spotted 51 | . 3 9 17 22 Peak Tracking Total 11 | . 2 3 3 11 Tactical Retreats 4 | . 1 1 . 2 Traps | -11 -10 -10 -9 -8 ------- Run | Yrd Mat Min Mat Mat Traps Triggered 1 | . . . 1 . Indirectly . | . . . . . Trap Hack Attempts . | . . . . . Triggered . | . . . . . Disarmed . | . . . . . Reprogrammed . | . . . . . Reused 1 | . . . . 1 Traps Extracted . | . . . . . Installed 2 | . . . . 2 Triggered 1 | . . . . 1 Most Traps Carried 3 | . . 3 3 3 Machines | -11 -10 -10 -9 -8 ---------- Run | Yrd Mat Min Mat Mat Machines Disabled 1 | . . . . 1 Max in Single Turn 1 | . . . . 1 Machines Repaired . | . . . . . Machines Dismantled . | . . . . . Machines Sabotaged . | . . . . . Overloaded Fab Kills . | . . . . . Hacking | -11 -10 -10 -9 -8 --------- Run | Yrd Mat Min Mat Mat Machines Accessed 5 | . . 2 3 . Terminals 3 | . . 1 2 . Fabricators . | . . . . . Repair Stations 1 | . . . 1 . Recycling Units . | . . . . . Scanalyzers . | . . . . . Garrison Access . | . . . . . Total Hacks 7 | . . 3 4 . Successful 4 | . . 2 2 . Failed 3 | . . 1 2 . Catastrophic . | . . . . . Database Lockouts . | . . . . . Manual . | . . . . . Terminals 4 | . . 2 2 . Fabricators . | . . . . . Repair Stations 2 | . . . 2 . Recycling Units . | . . . . . Scanalyzers . | . . . . . Garrison Access . | . . . . . Terminal Hacks 3 | . . 2 1 . Record 1 | . . 1 . . Open Door 1 | . . 1 . . Recall Investigation 1 | . . . 1 . Fabricator Hacks . | . . . . . Repair Station Hacks 1 | . . . 1 . Scan Component 1 | . . . 1 . Recycling Unit Hacks . | . . . . . Scanalyzer . | . . . . . Garrison Access Hacks . | . . . . . Unauthorized Hacks . | . . . . . Terminals . | . . . . . Fabricators . | . . . . . Repair Stations . | . . . . . Recycling Units . | . . . . . Scanalyzers . | . . . . . Garrison Access . | . . . . . Data Cores Recovered . | . . . . . Used . | . . . . . Hacking Detections 4 | . . 1 3 . Full Trace Events . | . . . . . Feedback Events . | . . . . . Feedback Blocked . | . . . . . Robot Schematics Acquired . | . . . . . Robots Built . | . . . . . Authchips . | . . . . . Time . | . . . . . Total Robot Build Rating . | . . . . . Part Schematics Acquired . | . . . . . Parts Built . | . . . . . Authchips . | . . . . . Time . | . . . . . Total Part Build Rating . | . . . . . Parts Repaired . | . . . . . Time . | . . . . . Parts Recycled . | . . . . . Recycled Matter . | . . . . . Retrieved Matter . | . . . . . Retrieved Components . | . . . . . Parts Scanalyzed . | . . . . . Part Schematics Acquired . | . . . . . Parts Damaged . | . . . . . Bothacking | -11 -10 -10 -9 -8 ------------ Run | Yrd Mat Min Mat Mat Used RIF Installer . | . . . . . Robots Hacked . | . . . . . Non-combat . | . . . . . Combat . | . . . . . Robot Hacks Applied . | . . . . . Relay Couplers Released . | . . . . . Fabnet Peak Effective % . | . . . . . Robots Rewired . | . . . . . Allies Hacked . | . . . . . Hacks Repelled . | . . . . . Allies | -11 -10 -10 -9 -8 -------- Run | Yrd Mat Min Mat Mat Total Allies 2 | . . 1 1 . Largest Group 1 | . . 1 . . Highest-Rated Group 16 | . . 16 . . Highest-Rated Ally 16 | . . 16 . . Total Orders . | . . . . . Ally Attacks 33 | . . 14 19 . Total Damage 149 | . . 71 78 . Kills 7 | . . 3 4 . Allies Corrupted . | . . . . . Allies Melted . | . . . . . Intel | -11 -10 -10 -9 -8 ------- Run | Yrd Mat Min Mat Mat Robot Analysis Total . | . . . . . Derelict Logs Recovered 2 | . . 2 . . Drone Launches 33 | . . 15 18 . Drone Recoveries 30 | . . 12 18 . Exploration | -11 -10 -10 -9 -8 ------------- Run | Yrd Mat Min Mat Mat Turns Passed 3262 | 56 166 1606 1168 266 Spaces Moved 1920 | 44 106 915 687 168 Core 64 | 11 . . 1 52 Treads . | . . . . . Legs 1854 | 33 106 915 684 116 Wheels . | . . . . . Hover . | . . . . . Flight 2 | . . . 2 . Fastest Speed 50 | 50 120 120 120 50 Average Speed 153 | 102 120 169 153 102 Slowest Speed 400 | 120 120 190 400 150 Overloaded Moves . | . . . . . Propulsion Burnouts . | . . . . . Robots Hopped . | . . . . . Cave-ins Triggered . | . . . . . Exploration Rate (%) 42 | 4 19 101 67 21 Regions Visited 4 Branch Regions 1 Pre-discovered Areas 1 | . . 1 . . Known Exits Taken . | . . . . . Unknown Exits Taken 4 | 1 1 1 1 . Scrap Searched 1 | . . 1 . . Spaces Dug . | . . . . . Terrain Destroyed . | . . . . . Melee . | . . . . . Projectile . | . . . . . AOE . | . . . . . Terrain Rammed . | . . . . . Walls Destroyed . | . . . . . Machines Disabled . | . . . . . Actions | -11 -10 -10 -9 -8 --------- Run | Yrd Mat Min Mat Mat Total 2111 | 54 122 950 754 231 Wait 30 | . . 14 7 9 Move 1916 | 43 105 914 686 168 Hop . | . . . . . Pick Up 29 | 5 4 6 6 8 Fast Attach 8 | 1 . . 7 . Attach 21 | 5 1 1 5 9 Detach 1 | . . 1 . . Swap 8 | . 1 1 3 3 Drop 14 | . . 2 7 5 Fire 75 | . 11 9 31 24 Melee 2 | . . . . 2 Ram . | . . . . . Kick 5 | . . 2 2 1 Crush . | . . . . . Escape Stasis . | . . . . . Rewire . | . . . . . Trap 2 | . . . . 2 Miscellaneous . | . . . . . Route ------- -11/Scrapyard -10/Materials -10/Mines (discovered 2 exits: *Mat x2) -9/Materials (discovered 3 exits: [*Mat x2] / [*Min]) -8/Materials History --------- Turn | Location | Event 11 | -11/Scrapyard | Discovered new exit (range 15) 57 | -11/Scrapyard | Entered Materials 148 | -10/Materials | Discovered new exit (range 3) 223 | -10/Materials | Entered Mines 245 | -10/Mines | Learned Materials terminal intel 304 | -10/Mines | Discovered new exit (range 4) 314 | -10/Mines | Build established: Mutant 493 | -10/Mines | Found a hidden stash of uninstalled traps 539 | -10/Mines | Found the Drone Emporium 544 | -10/Mines | Found Prototype Device 548 | -10/Mines | Identified Splice Drone Bay 1110 | -10/Mines | Discovered new exit (range 6) 1829 | -10/Mines | Entered Materials 1829 | -9/Materials | Accompanied by 3 allies 1829 | -9/Materials | Evolved 2 slots: Propulsion x1, Utility x1 1830 | -9/Materials | Loaded intel: 12 terminal locations 2344 | -9/Materials | Discovered new exit (range 18) 2639 | -9/Materials | Discovered new exit (range 15) 2769 | -9/Materials | Build established: Scavenger-Mutant 2967 | -9/Materials | Discovered new exit (range 18) 2997 | -9/Materials | Entered another Materials area 2997 | -8/Materials | Evolved 2 slots: Utility x1, Weapon x1 3100 | -8/Materials | Garrison activated, responded to threat 3174 | -8/Materials | Lost 10 parts (1p3n2u4w) 3220 | -8/Materials | Core integrity fell below 50% 3235 | -8/Materials | Core integrity fell below 20% 3263 | -8/Materials | Destroyed by G-47 Trooper with Particle Gun Last Messages --------------- T-07 Excavator is excavating. O-16 Technician: "IFF HANDSHAKE FAILED. SECURING TERMINAL." K-01 Serf cleans the Terminal. ALERT: Hostiles spotted, dispatching reinforcements to Terminal M010. System corrupted: Matter fused (-9). Kicked K-01 Serf. Acquired Hpw. Shotgun. Aluminum Leg destroyed. Carbon-fiber Leg destroyed. Lgt. Nuclear Core destroyed. Hpw. Shotgun destroyed. Dropped Shock Trap. Installed Shock Trap. Acquired Nuclear Core. Critical hit (Burn: +37). Nuclear Core destroyed. K-01 Serf cleans the Terminal. U-05 Engineer lays Concrete. Map ----- +----------------------------------------------------+ | ???????????????????????????????????????? | | ????????????????????######?????????????? | | ????????????????????#^ #?????????????? | | ????????????????????# #?????????????? | | ????????????????????#[ #?????????????? | | ????????????????????# #?????????????? | | ???????# ########## !!*#?????????????? | | ???????# + !! #?????????????? | | ?????????+######### # !* #?????????????? | | ??????????????????# # + ] ?????????? | | ??????????????????# / = ######????????? | | ??????????????????# ######?????????????? | | ??????????????????# #??????????????????? | | ??????????????????# #??????????????????? | | ??????????????????# #??????????????????? | | ??????????????????# #??????????????????? | | ????????????????### ###????????????????? | | ????????????????# #????????????????? | | ????????######### "" ######## #???????? | | ????????# + T +???????? | | ????????# ! ! # ######## #???????? | | ??##????# # #??#####?????????? | | ### ##########+### ##?## #?????????? | | ## ### #??# #?????????? | | *= "" # g#### #?????????? | | *= T" + tg @ #?????????? | | == "" # #### #?????????? | | # ######??######?????????? | | ####+##+##### #??????????????????????? | | #### #???# #??????????????????????? | | ! # ##### #??????????????????????? | | [ + #??????????????????????? | | # #########/##??????????????????????? | | #+## #???????? ????????????????????????? | | #???????? ????????????????????????? | | #????????"????????????????????????? | | #????????"????????????????????????? | | #?????????????????????????????????? | | ######?????????????????????????????????? | | ???????????????????????????????????????? | | ???????????????????????????????????????? | | ??##############???????????????????????? | | ??# #???????????????????????? | | ??# """ [[[ #???????????????????????? | | ??? """ [[[ #???????????????????????? | | ?????""" [[ ?????????????????????????? | | ??????? ???????????????????????????? | | #########+###########??????????????????? | | #??????????????????? | | % #??????????????????? | +----------------------------------------------------+ Best States ------------- Heat Dissipation 41 Energy Generation 14 Energy Capacity 265 Matter Stores 300 Matter Capacity 300 Sight Range 18 Robot Scan Range 14 Terrain Scan Density 10 ECM Strength 1 Evasion (%) 55 Item Schematics ----------------- None Robot Schematics ------------------ None Fabricated ------------ Nothing Alien Tech Used ----------------- None Achievements -------------- Error 47 Factory Defaults GoHome() Release The Drones! Challenges ------------ None Game ------ Seed ThrowingArcBeamcaster Manual? 0 Play Time 00:28:10 Cumulative 7.7 hours Start 2024.04.17 @ 14:43:01 End 2024.04.17 @ 15:11:30 Sessions 1 Manual Loads 0 Difficulty Rogue Special Mode None Game No. 11 Rogue 11 Adventurer 0 Explorer 0 Win Type - Total 0 Types 0/0/0/0/0/0/0/0/0 Lore% 3 Gallery% 16 Achievement% 11 Wizard Run 0 Options --------- Layout 1 ASCII 0 Keyboard 0 Movement Mouse Keybinds 0 Fullscreen 1 Font 24/Smallcaps Map View 50x35 Zoom Use 0% Tactical HUD 0 Map Filters NONE Filters NONE Steam 1 RUN: e57ab700-ffa5-4173-b01a-2be8edfc86fb